AoeStats
← 吴花肉

Arabia

506614075Analyzed
1v1 RM · 17d ago on Sep 14, 2026· 42m 20s· 2 players
Game mode
Random Map
Map size
Tiny (2 player)
Population
200
Speed
Normal
Resources
Standard
Victory
Conquest
Starting age
Dark Age
Ending age
Imperial Age
RankedLock teamsTeams togetherTeam positionsShared explorationLock speedFull tech treeHidden civsTurbo modeCheats
Victory
Defeat
🇨🇳 Turks · China
1029
+17
🇨🇱 Japanese · Chile
1056
-17
吴花肉
9:32 Feudal Age
9:36 Man-at-Arms
24:44 Castle Age
24:45 Forging
24:36 Scale Mail Armor
24:42 Scale Barding Armor
27:16 Husbandry
32:08 Imperial Age
DementuS
7:05 Loom
9:50 Feudal Age
12:38 Man-at-Arms
15:00 Scale Mail Armor
21:41 Castle Age
22:42 Fletching
23:40 Double-Bit Axe
23:58 Horse Collar
32:35 Chain Mail Armor
32:24 Heavy Plow
38:23 Elite Skirmisher
40:28 Bow Saw
40:27 Crossbowman
41:12 Thumb Ring
41:22 Forging
Connection lost

Rejoining the realm…

Still unreachable

The connection could not be restored.

Session expired

The server has moved on; the page needs a fresh start.